Map: Orbital Shipyard

Players

Apocalypse

  • Race: Protoss Protoss
  • League: Master

MorN - Winner!

  • Race: Terran Terran
  • League: Master

VOD

Have the link to the VOD?

Description

Time

  • Played on: Dec. 19, 2015, 7:40 p.m.
  • Length: 18:42
Show
View Real Time Build Order
Export as new Build Order

Apocalypse Protoss 

Build Orders: 1 Gate Expand 

Get SALT Encoding   

  12  0:01  Probe (Chrono Boost)  
  13  0:11  Probe (Chrono Boost)  
  14  0:18  Pylon  
  14  0:22  Probe (Chrono Boost)  
  15  0:36  Probe (Chrono Boost)  
  15  0:38  Gateway  
  16  0:45  Assimilator  
  16  0:47  Probe (Chrono Boost)  
  17  0:57  Probe (Chrono Boost)  
  18  1:08  Probe (Chrono Boost)  
  19  1:18  Probe (Chrono Boost)  
  19  1:22  Nexus  
  20  1:29  Probe (Chrono Boost)  
  21  1:37  Cybernetics Core  
  22  1:40  Probe (Chrono Boost)  
  22  1:45  Pylon  
  22  1:50  Probe (Chrono Boost)  
  22  1:54  Assimilator  
  23  2:03  Probe (Chrono Boost)  
  24  2:14  Adept, Warp Gate  
  26  2:17  Mothership Core (Chrono Boost)  
  28  2:30  Forge  
  28  2:39  Probe x2 (Chrono Boost)  
  28  2:41  Adept  
  32  2:49  Probe x2 (Chrono Boost)  
  34  2:59  Probe (Chrono Boost)  
  34  3:00  Probe (Chrono Boost)  
  34  3:03  Protoss Ground Armor Level 1 (Chrono Boost)  
  36  3:09  Probe  
  36  3:10  Adept  
  36  3:11  Probe  
  40  3:18  Robotics Facility  
  40  3:20  Probe  
  41  3:36  Probe x2  
  41  3:38  Adept  
  46  3:48  Probe  
  46  3:52  Pylon  
  46  3:55  Gateway  
  46  3:56  Gateway  
  46  4:03  Twilight Council  
  46  4:08  Probe  
  46  4:09  Warp Prism (Chrono Boost)  
  46  4:13  Probe  
  46  4:15  Pylon, Assimilator  
  50  4:18  Sentry, Assimilator  
  50  4:19  Probe  
  53  4:28  Probe  
  54  4:32  Probe  
  54  4:35  Pylon  
  55  4:44  Observer (Chrono Boost)  
  56  4:53  Sentry  
  56  4:55  Adept x2  
  56  4:59  Probe  
  62  5:00  Probe  
  62  5:04  Gateway  
  62  5:05  Protoss Ground Armor Level 2 (Chrono Boost), Gateway  
  64  5:07  Pylon  
  64  5:10  Immortal  
  64  5:12  Probe  
  65  5:15  Resonating Glaives (Chrono Boost)  
  65  5:20  Probe  
  70  5:25  Probe  
  71  5:31  Pylon  
  71  5:35  Sentry x2  
  73  5:42  Nexus  
  75  5:48  Immortal  
  75  5:49  Probe x2  
  81  6:03  Pylon  
  80  6:06  Pylon  
  80  6:09  Pylon  
  80  6:12  Pylon  
  77  6:24  Adept x2  
  79  6:33  Blink (Chrono Boost)  
  79  6:45  Immortal, Nexus  
  83  6:48  Pylon  
  83  6:55  Pylon  
  83  6:58  Adept x3  
  83  7:00  Mothership Core  
  91  7:08  Probe  
  91  7:10  Pylon  
  92  7:20  Gateway, Probe  
  92  7:21  Probe  
  94  7:23  Gateway  
  94  7:24  Immortal, Protoss Ground Armor Level 3 (Chrono Boost)  
  98  7:36  Stalker x2  
  102  7:39  Adept x2  
  102  7:42  Adept  
  106  8:02  Assimilator  
  106  8:03  Observer  
  107  8:07  Assimilator  
  103  8:15  Stalker  
  103  8:16  Stalker x3  
  103  8:19  Probe  
  105  8:20  Probe x2  
  105  8:24  Photon Cannon  
  108  8:28  Immortal  
  108  8:31  Pylon  
  112  8:34  Pylon  
  112  8:38  Probe x2  
  112  8:39  Probe  
  115  8:43  Pylon  
  115  8:44  Pylon  
  115  8:49  Templar Archives, Probe  
  115  8:50  Probe x2  
  118  9:00  Probe  
  118  9:02  Probe  
  90  9:27  Stalker x4  
  90  9:29  Stalker x3  
  98  9:37  Probe x2  
  100  9:41  Protoss Ground Weapons Level 1 (Chrono Boost)  
  98  9:53  Adept x7, Psionic Storm  
  110  10:00  Pylon  
  110  10:02  Pylon  
  110  10:04  Pylon  
  110  10:06  Pylon  
  88  10:17  Stalker x2  
  88  10:18  Stalker x5  
  98  10:21  Warp Prism  
  98  10:27  Probe  
  100  10:29  Probe x2  
  103  10:40  Stalker  
  103  10:41  Stalker x6  
  116  10:58  Observer  
  117  11:04  Gateway  
  117  11:07  Adept x2  
  117  11:08  Adept x4  
  117  11:09  Gateway, Adept  
  113  11:28  Zealot x3  
  113  11:29  Zealot  
  113  11:30  Stalker x3  
  109  11:51  Stalker  
  109  11:52  Stalker x3  
  113  11:54  High Templar x2  
  113  11:56  High Templar  
  99  12:18  Stalker x4  
  99  12:20  Nexus  
  99  12:22  Pylon  
  107  12:23  Pylon  
  107  12:24  Pylon  
  107  12:41  Stalker  
  107  12:42  Stalker x5  
  110  12:52  Archon  
  98  13:11  Stalker x4  
  98  13:12  Stalker x3, Probe  
  108  13:13  Probe x2  
  108  13:17  Assimilator  
  111  13:22  Probe  
  111  13:25  Probe x2  
  114  13:32  Protoss Ground Weapons Level 2 (Chrono Boost)  
  114  13:33  Probe  
  114  13:37  Probe  
  114  13:38  Adept  
  114  13:39  Adept x4  
  106  13:56  High Templar x2  
  106  14:00  Adept x2  
  106  14:01  Adept x3  
  101  14:29  High Templar x4  
  109  14:31  Zealot x3  
  109  14:32  Zealot x2  
  109  14:34  Nexus, Pylon  
  109  14:35  Pylon  
  119  14:44  Immortal  
  123  14:52  Stalker  
  123  14:53  Stalker  
  123  14:55  High Templar  
  129  15:21  Nexus  
  129  15:23  Observer, High Templar x2  
  96  15:54  Stalker x4  
  97  16:02  High Templar x3  
  98  16:24  Archon  
  76  16:49  Archon  
  76  16:50  Stalker  
  76  16:51  Stalker x6  
  76  16:52  Stalker x2  
  94  17:06  Assimilator  
  93  17:10  Assimilator  
  93  17:14  High Templar x2  
  97  17:15  Adept x2  
  97  17:16  Adept  
  97  17:18  Adept  
  97  17:19  Nexus  
  97  17:20  Pylon  
  105  17:36  Stalker x4  
  113  17:44  Observer  
  112  17:50  Adept  
  112  17:51  Adept x2  
  84  18:10  Stalker  
  84  18:11  Stalker x4  
  84  18:20  Archon  
Show
View Real Time Build Order
Export as new Build Order

MorN Terran - Winner!

Build Orders: MMM Bio 

Get SALT Encoding   

  12  0:00  SCV  
  13  0:13  SCV  
  14  0:17  Supply Depot  
  14  0:25  SCV  
  15  0:39  SCV  
  15  0:40  Barracks  
  16  0:47  Refinery  
  16  0:54  SCV  
  17  1:06  SCV  
  18  1:18  SCV  
  19  1:31  Orbital Command  
  20  1:32  Reaper  
  20  1:41  Command Center  
  20  1:54  Supply Depot  
  20  1:57  SCV  
  20  2:00  Barracks  
  21  2:05  Barracks Reactor  
  21  2:10  SCV  
  22  2:20  Barracks  
  22  2:23  SCV  
  23  2:35  SCV  
  24  2:41  Marine x2  
  26  2:48  SCV  
  27  2:53  Barracks Tech Lab  
  27  2:55  Orbital Command  
  27  2:56  Refinery  
  27  2:57  Factory  
  27  3:00  SCV  
  27  3:04  Marine x2  
  30  3:08  Marine  
  30  3:12  SCV  
  32  3:13  Marine  
  33  3:20  Stimpack  
  33  3:22  SCV  
  33  3:24  SCV, Marine x2  
  37  3:38  SCV x2  
  37  3:39  Supply Depot, Marine x2  
  41  3:42  Marine x2  
  42  3:50  SCV, Starport, Factory Reactor  
  42  3:53  SCV  
  44  4:00  Marine x2  
  44  4:01  Marine x2  
  48  4:05  Supply Depot, SCV  
  48  4:06  SCV  
  50  4:13  Engineering Bay  
  50  4:17  SCV  
  50  4:18  SCV, Marine  
  53  4:29  SCV  
  53  4:30  SCV  
  55  4:35  Medivac x2  
  55  4:36  Supply Depot, Marine  
  55  4:37  Marine x2  
  62  4:47  Missile Turret  
  62  4:49  Terran Infantry Weapons Level 1  
  62  4:53  Supply Depot  
  62  4:55  Supply Depot  
  62  4:57  SCV x2, Marine x2, Widow Mine  
  68  5:09  SCV x2  
  70  5:15  Supply Depot, Marine x4  
  70  5:16  Viking  
  76  5:21  SCV x2  
  76  5:22  Supply Depot  
  76  5:23  Combat Shields  
  78  5:32  Marine x2  
  78  5:33  Factory Reactor  
  78  5:34  SCV  
  81  5:37  Marine  
  81  5:39  SCV  
  81  5:40  Supply Depot  
  82  5:56  Marine x2  
  84  5:57  Marauder  
  84  6:04  Barracks Tech Lab, Medivac  
  87  6:14  Command Center, Marine x2  
  87  6:19  Marauder  
  89  6:32  Marine x3  
  82  6:36  Medivac  
  82  6:39  Marine  
  84  6:40  Barracks  
  84  6:41  Barracks  
  85  6:48  Engineering Bay  
  85  6:49  Terran Infantry Armor Level 1  
  85  6:50  SCV x2  
  85  6:51  Marauder  
  85  6:52  Supply Depot x2, Refinery  
  85  6:53  Refinery  
  89  6:55  Supply Depot  
  89  6:59  Widow Mine x2  
  93  7:10  SCV, Concussive Shells  
  93  7:11  SCV  
  95  7:19  Marauder, Marine x2  
  99  7:23  SCV x2, Marine  
  99  7:26  Supply Depot, Orbital Command  
  102  7:35  SCV x2  
  102  7:36  Marine x2, Widow Mine x2  
  109  7:38  Barracks Reactor, Barracks Tech Lab  
  109  7:41  Marauder  
  109  7:44  Armory  
  112  7:49  Orbital Command  
  104  7:54  Medivac  
  104  7:59  Marine x3  
  104  8:00  Marauder  
  109  8:12  Starport  
  105  8:17  Factory Reactor  
  105  8:19  Marine x2  
  104  8:20  Marine, Marauder  
  104  8:21  Marauder, Marine x2  
  109  8:28  Barracks x2  
  109  8:29  Barracks  
  109  8:34  Terran Infantry Weapons Level 2  
  109  8:36  Terran Vehicle Weapons Level 1  
  109  8:37  Marine x2  
  109  8:39  SCV x3  
  109  8:41  Command Center  
  114  8:44  Marine x2  
  116  8:51  SCV x3  
  116  8:52  Marauder x2, Marine  
  116  8:55  Marine  
  123  9:03  SCV  
  123  9:07  Command Center  
  123  9:08  Marine x2  
  118  9:10  Marauder  
  118  9:13  Marine x2  
  118  9:14  Marauder  
  112  9:18  Marine x2  
  108  9:24  Marine x2  
  108  9:25  Widow Mine  
  108  9:26  Marine x2  
  109  9:32  Marauder  
  109  9:33  Marine  
  109  9:34  Marine  
  109  9:35  Marauder  
  109  9:38  Medivac x2, Marine  
  103  9:43  Marauder  
  107  9:46  Marine x2  
  107  9:49  Marine x2  
  100  9:53  Marine x2, Marauder  
  100  9:56  Marauder, Marine  
  105  10:04  Marauder  
  105  10:05  Liberator x2  
  98  10:08  Marine x2  
  98  10:13  Marine x4  
  98  10:14  Marauder, Marine  
  98  10:18  Marauder  
  103  10:25  Marauder  
  103  10:26  Marine  
  109  10:36  Marauder  
  109  10:38  Marine x5  
  109  10:39  Marauder, Marine  
  119  10:44  Marine  
  119  10:47  Terran Infantry Armor Level 2, Marauder  
  119  10:48  Liberator  
  119  10:57  Marine x4  
  126  11:15  Marine  
  126  11:16  Marauder, Marine  
  124  11:21  Marine x2  
  124  11:22  Marine  
  124  11:23  Marauder  
  124  11:24  Marauder, Marine x2  
  124  11:29  Orbital Command  
  124  11:33  Marine x2  
  124  11:37  Marine  
  127  11:47  Marauder, Marine x2  
  117  11:51  Marine x2  
  123  11:55  Marine x2  
  123  11:56  Marauder  
  123  11:57  Marine x2  
  126  12:04  Marine x2  
  116  12:08  Marine  
  116  12:09  Marauder, Marine  
  116  12:13  Marine x2  
  116  12:15  Marine  
  122  12:16  Marauder  
  122  12:17  Marauder  
  122  12:22  Marine x2  
  129  12:30  Marauder, Liberator x4  
  129  12:32  Marine x4  
  129  12:35  Ghost Academy  
  130  12:37  Marauder  
  130  12:39  Marine, Marauder  
  130  12:40  Marine x2  
  137  12:50  Marine  
  147  12:51  Marauder  
  147  12:57  Marine  
  147  12:58  Marauder, Marine x3  
  118  13:00  Marauder  
  117  13:11  Marine x3  
  117  13:12  SCV, Marine  
  116  13:16  Liberator x2  
  116  13:18  Marine x4  
  121  13:20  Liberator, Marauder  
  121  13:21  Marine  
  124  13:28  Marine  
  134  13:43  Orbital Command  
  131  13:54  Marauder, Marine x2  
  131  13:59  Medivac  
  131  14:02  Marine  
  130  14:03  Liberator  
  130  14:07  Marine  
  126  14:16  Medivac x2  
  130  14:17  Marine  
  130  14:19  Marine  
  130  14:29  Medivac  
  132  14:31  Marine  
  133  14:43  Ghost  
  135  14:50  Refinery  
  135  14:51  Refinery  
  137  14:57  Marine  
  137  14:58  Barracks Tech Lab x3  
  137  14:59  SCV x2  
  141  15:12  Marine  
  145  15:15  Ghost x2  
  142  15:23  Marine x2  
  142  15:24  Marauder  
  120  15:43  Marine x3  
  120  15:44  Marauder  
  120  15:45  Marine x2  
  120  15:46  Marauder  
  108  15:57  Marine x3  
  108  16:01  Marine x3  
  108  16:04  Marauder  
  116  16:05  Marauder, Marine  
  116  16:07  Marauder  
  120  16:20  Marine x2  
  120  16:21  Marauder  
  120  16:22  Marauder, Marine x2  
  123  16:38  Marine x2  
  123  16:39  Marauder  
  123  16:41  Medivac x2  
  123  16:43  Marine x2  
  123  16:44  Marauder  
  112  16:48  Medivac x2  
  112  16:49  Marine x3  
  112  16:50  Marauder  
  119  17:03  Marine  
  119  17:04  Marauder, Marine  
  119  17:08  Marine x3  
  121  17:09  Marauder  
  121  17:11  Marine x2, Medivac  
  121  17:12  Marauder  
  132  17:20  Command Center  
  132  17:21  Marine x2  
  134  17:25  Marine  
  134  17:27  Marauder  
  137  17:30  Refinery  
  137  17:32  Refinery  
  137  17:34  Marine x2  
  141  17:40  Ghost x2  
  141  17:43  Marine x2  
  145  17:46  Marine x2  
  145  17:50  Marine x2  
  144  18:04  Marine  
  144  18:05  Marine, Marauder  
  132  18:06  Marauder  
Tags
 
Add a new tag
Caveats
  • Supply blocks, unpowered buildings, or Contaminate may cause inaccurate times.
  • Supply counts are checked every 10 seconds.